 Dungeon Crawl Stone Soup version 0.28.0-43-g3370ac3207 (webtiles) character file.

Game seed: 17079800556976874479

179814 Kaptain the Earth Mage (level 17, -9/113 HPs)
             Began as a Gargoyle Earth Elementalist on Mar 20, 2022.
             Killed from afar by a fire dragon (66 damage)
             ... with a blast of flame
             ... on level 15 of the Dungeon.
             The game lasted 01:59:18 (52807 turns).

Kaptain the Earth Mage (GrEE)                      Turns: 52807, Time: 01:59:19

Health: -9/113     AC: 39    Str: 21    XL:     17   Next: 91%
Magic:  32/43      EV: 12    Int: 26    God:
Gold:   1823       SH:  7    Dex: 16    Spells: 15/43 levels left

rFire   x . .      SeeInvis .   v - +6 morningstar "Qosoun" {flame, Str+8 Int-3 Dex+6}
rCold   + + +      Faith    .   O - +1 buckler {rC+}
rNeg    + . .      Spirit   .   U - +0 ice dragon scales
rPois   ∞          Reflect  .   N - +2 helmet
rElec   +          Harm     .   G - +1 cloak
rCorr   .          Rampage  .   I - +2 pair of gloves {Stlth+}
Will    +....                   j - +2 pair of boots
Stlth   ++........              Z - amulet of regeneration
HPRegen 1.08/turn               S - ring of magical power
MPRegen 0.28/turn               F - +6 ring of intelligence

@: flying
A: sickness immunity, AC +12, big wings, negative energy resistance 1,
electricity resistance, torment resistance 1, petrification resistance,
MP-powered wands
}: 1/15 runes: decaying
a: no special abilities


You were on level 15 of the Dungeon.
You visited 7 branches of the dungeon, and saw 30 of its levels.
You also visited: Sewer, Ossuary, Gauntlet and Ice Cave.

You collected 2741 gold pieces.
You spent 918 gold pieces at shops.

Inventory:

Hand Weapons
 m - a +3 trident
 v - the +6 morningstar "Qosoun" (weapon) {flame, Str+8 Int-3 Dex+6}
   (You found it on level 5 of the Dungeon)

   It burns those it strikes, dealing additional fire damage.
   Str:       It affects your strength (+8).
   Int:       It affects your intelligence (-3).
   Dex:       It affects your dexterity (+6).
Missiles
 c - 335 stones
 T - a throwing net
Armour
 j - a +2 pair of boots (worn)
 G - a +1 cloak (worn)
 I - a +2 pair of gloves of stealth (worn)
 K - a +1 robe of willpower
 N - a +2 helmet (worn)
 O - a +1 buckler of cold resistance (worn)
 P - +0 steam dragon scales
 U - +0 ice dragon scales (worn)
Magical Staves
 y - a staff of conjuration
Jewellery
 n - a ring of wizardry
 p - a ring of willpower
 u - a ring of resist corrosion
 F - a +6 ring of intelligence (right hand)
 H - an amulet of magic regeneration
 S - a ring of magical power (left hand)
 Z - an amulet of regeneration (around neck)
Wands
 r - a wand of digging (7)
 A - a wand of mindburst (25)
 L - a wand of acid (2)
 V - a wand of iceblast (4)
Scrolls
 b - a scroll of brand weapon {unknown}
 e - 5 scrolls of teleportation
 i - 6 scrolls of holy word
 q - 5 scrolls of fog
 s - a scroll of enchant armour
 z - 7 scrolls of identify
 B - 2 scrolls of amnesia
 D - 3 scrolls of enchant weapon
 J - 6 scrolls of magic mapping
 Q - 2 scrolls of blinking
 Y - a scroll of fear
Potions
 a - 4 potions of magic
 d - 4 potions of lignification
 g - 3 potions of resistance
 h - a potion of invisibility
 l - 5 potions of brilliance
 o - 5 potions of curing
 t - a potion of heal wounds
 w - 6 potions of might
 x - 3 potions of cancellation
 C - 4 potions of mutation
 E - a potion of berserk rage
 W - 2 potions of ambrosia
 X - 2 potions of haste
Miscellaneous
 f - a phial of floods
 k - a box of beasts
 M - a phantom mirror
 R - a tin of tremorstones (2/2)


   Skills:
 * Level 15.6 Fighting
 + Level 11.3 Armour
 + Level 6.3 Dodging
 + Level 4.5 Stealth
 - Level 8.0 Shields
 * Level 13.5 Spellcasting
 * Level 15.6 Conjurations
 - Level 0.7 Transmutations
 * Level 17.4 Earth Magic


You had 15 spell levels left.
You knew the following spells:

 Your Spells              Type           Power      Damage    Failure   Level
a - Sandblast             Erth           100%       2d20      0%          1
b - Stone Arrow           Conj/Erth      100%       3d13      1%          3
c - Fulminant Prism       Conj/Hex       27%        3d14      4%          4
d - Mephitic Cloud        Conj/Pois/Air  44%        N/A       3%          3
e - Iskenderun's Battles  Conj           78%        2d13      1%          5
f - Orb of Destruction    Conj           39%        9d11      16%         7
g - Fireball              Conj/Fire      27%        3d12      12%         5

Your spell library contained the following spells:

 Spells                   Type           Power      Damage    Failure   Level
 Magic Dart               Conj           100%       1d8       1%          1
 Passwall                 Tmut/Erth      49%        N/A       1%          2
 Searing Ray              Conj           100%       2d8       1%          2
 Petrify                  Tmut/Erth      59%        N/A       2%          4
 Leda's Liquefaction      Hex/Erth       29%        N/A       3%          4
 Hailstorm                Conj/Ice       55%        3d12      4%          4
 Pain                     Necr           68%        1d7       11%         1
 Blink                    Tloc           34%        N/A       16%         2
 Call Imp                 Summ           17%        N/A       16%         2
 Corpse Rot               Necr/Air       34%        N/A       16%         2
 Ensorcelled Hibernation  Hex/Ice        34%        N/A       16%         2
 Poisonous Vapours        Pois/Air       34%        N/A       16%         2
 Spider Form              Tmut/Pois      19%        N/A       28%         3
 Call Canine Familiar     Summ           17%        N/A       32%         3
 Inner Flame              Hex/Fire       17%        N/A       32%         3
 Portal Projectile        Hex/Tloc       34%        N/A       32%         3
 Swiftness                Air            17%        N/A       32%         3
 Conjure Ball Lightning   Conj/Air       27%        3x3d8     54%         6
 Ice Form                 Ice/Tmut       19%        N/A       67%         4
 Anguish                  Hex/Necr       8%         N/A       71%         4
 Cause Fear               Hex            8%         N/A       71%         4
 Blade Hands              Tmut           10%        N/A       91%         5
 Agony                    Necr           17%        N/A       96%         5
 Excruciating Wounds      Necr           8%         N/A       96%         5
 Manifold Assault         Tloc           17%        N/A       96%         5
 Simulacrum               Ice/Necr       8%         N/A       100%        6
 Storm Form               Tmut/Air       9%         N/A       100%        7
 Discord                  Hex            8%         N/A       100%        8


Dungeon Overview and Level Annotations

Branches:
Dungeon (15/15) Temple (1/1) D:6 Lair (6/6) D:10 Swamp (4/4) Lair:2 Spider (1/4) Lair:3 Slime (0/5) Lair:6 Orc (2/2) D:9 Elf (0/3) Orc:2 Vaults (0/5) D:12 D:13 Depths (1/4) D:15 Sewer (visited) Ossuary (visited) IceCv (visited) Gauntlet (visited)

Altars:
Ashenzari
Cheibriados
Dithmenos
Elyvilon
Fedhas
Gozag
Hepliaklqana
Kikubaaqudgha
Makhleb
Nemelex Xobeh
Okawaru
Qazlal
Ru
Sif Muna
Trog
Uskayaw
Vehumet
Wu Jian
Xom
Yredelemnul
Zin
The Shining One

Shops:
Orc:2 [=*:

Portals:
Trove: D:11 (give +6 demon whip)


Innate Abilities, Weirdness & Mutations

You are immune to sickness and miasma.
Your stone body is resilient. (AC +12)
You are immune to poison.
Your large and strong wings let you fly.
You resist negative energy. (rN+)
You are resistant to electric shocks. (rElec)
You are resistant to unholy torment.
You are immune to petrification.
You expend magic power (3 MP) to strengthen your wands.


Message History

The stone arrow hits the ice dragon!
The ice dragon is lightly wounded.
The fire dragon breathes flames at you. The blast of flame hits you!!!
The fire burns you terribly!
The stone giant throws a large rock.
The large rock misses you.
A rakshasa comes into view. It is wielding a +0 long sword.
You hear a shout!
Casting: Stone Arrow (safe; 1% risk of failure)
Confirm with . or Enter, or press ? or * to list all spells.
Aiming: Stone Arrow (safe; 1% risk of failure)
Press: ? - help, Shift-Dir - straight line, f/p - fire dragon
Aim: a fire dragon (lightly wounded, catching its breath, 84% to hit)
The stone arrow hits the ice dragon!
The ice dragon is moderately wounded.
A spriggan air mage comes into view.
The stone giant throws a large rock.
You block the large rock. The ice dragon breathes frost at you.
The blast of cold hits you. You resist. The great orb of eyes gazes at you.
You resist with some effort.
You hear two shouts!
You hear a shout!
The fire dragon misses you. You block the fire dragon's attack.
The fire dragon tramples you but does no damage.
The stone giant throws a large rock.
The large rock barely misses you.
The spriggan air mage waves its arms in wide circles.
The air twists around and strikes you!
You fly upwards.
Welcome back to the Dungeon!
There is a staircase to the Depths here.
Casting: Stone Arrow (safe; 1% risk of failure)
Confirm with . or Enter, or press ? or * to list all spells.
Aiming: Stone Arrow (safe; 1% risk of failure)
Press: ? - help, Shift-Dir - straight line, f - fire dragon
Aim: a fire dragon (84% to hit)
The stone arrow hits the fire dragon!
The fire dragon is lightly wounded.
The fire dragon breathes flames at you. The blast of flame hits you!!!
The fire burns you terribly!
Ouch! That really hurt!
You die...

'....#.....# #........#.....#..
#....#.....# #........#.....#..
#....#=....# #........#....##..
#....#.....# ###'###....#....##..
...!.#.....###.)...##...#....#...
.....#.....##.......##..#....#...
.....#.....#..#####..#..#....#...
.....#.....#..#...#..#..#....#...
.....'.....#..#D@.#..#..#....#...
#....#.....#..#...#..#..#....##..
#....#.....#..##'##..#..#....##..
.....+.....##.......##..).)=.....
.....#.....###.....##...#........
.....#.....# ############........
.....#.....#####.................
##'###..........#..........#..#..
................#..........#8.#..


You could see a fire dragon (catching breath).

Vanquished Creatures
  A tentacled monstrosity (Swamp:2)
  2 thorn hunters (Swamp:4)
  A fenstrider witch (Swamp:3)
  An emperor scorpion (Lair:3)
  A frost giant (IceCv)
  An orc warlord (D:9)
  6 eleionomae
  2 bunyips
  A dire elephant (Lair:6)
  A minotaur (Gauntlet)
  A fire dragon (D:15)
  2 shambling mangroves
  Erolcha (D:9)
  2 boulder beetles
  A vault guard (D:11)
  24 hydras
  2 ogre magi
  A catoblepas (Lair:6)
  2 ghost crabs
  A death knight (D:12)
  Erica (D:9)
  4 centaur warriors
  15 two-headed ogres
  An orc high priest (Orc:2)
  14 alligators
  23 death yaks
  A deep troll shaman (Lair:6)
  Urug (D:13)
  Nergalle (Lair:2)
  4 goliath frogs
  2 pharaoh ants
  A sixfirhy (Gauntlet)
  A skeletal warrior (D:12)
  4 spriggan druids
  An orb spider (Spider:1)
  8 swamp dragons
  3 bog bodies
  2 deep trolls
  A wizard (D:15)
  8 ugly things
  2 phantasmal warriors (D:12)
  A harpy (shapeshifter) (D:15)
  2 deep elf pyromancers
  A necromancer (D:15)
  3 oklob plants (Lair:6)
  2 wolf spiders
  3 orc sorcerers
  3 will-o-the-wisps
  4 cyclopes
  3 manticores
  14 elephants
  2 ice statues
  A naga mage (D:15)
  6 black mambas
  A centaur skeleton (D:15)
  14 cane toads
  2 torpor snails
  A demonic crawler (Lair:3)
  An unseen horror (D:10)
  9 komodo dragons
  4 rime drakes
  2 tengu conjurers (D:13)
  2 ice devils
  15 trolls
  2 bloated husks (Swamp:3)
  3 meliai (D:13)
  13 tyrant leeches
  A tarantella (Spider:1)
  15 polar bears
  A hornet (Swamp:2)
  20 slime creatures
  A wolf spider simulacrum (D:15)
  10 dream sheep
  A raiju (Gauntlet)
  12 blink frogs
  3 jumping spiders
  A culicivora (Spider:1)
  6 spriggans
  A centaur simulacrum (D:15)
  3 wraiths
  A wyvern (D:7)
  A culicivora (shapeshifter) (D:15)
  54 yaks
  2 shadows
  A vampire (D:12)
  2 basilisks
  16 humans
  A golden eye (shapeshifter) (D:15)
  9 vampire mosquitoes
  A human (shapeshifter) (D:14)
  A redback (Spider:1)
  20 swamp worms
  10 wargs
  4 steam dragons
  10 water moccasins
  4 acid dragons
  9 swamp drakes
  A sky beast (D:4)
  10 ice beasts
  19 orc warriors
  A black bear (shapeshifter) (D:14)
  2 black bears (Lair:6)
  A necrophage (D:8)
  25 ogres
  A hornet zombie (D:8)
  22 wolves
  12 centaurs
  2 kobold brigands (D:9)
  2 gnoll sergeants
  3 scorpions
  18 bullfrogs
  2 water moccasin skeletons (D:5)
  12 killer bees
  8 wights
  A howler monkey (D:8)
  A crimson imp (D:7)
  A bullfrog zombie (D:5)
  6 centaur zombies
  15 orc priests
  2 jellies
  3 bullfrog skeletons
  Natasha (twice) (D:3)
  4 iguanas
  4 hell rats (Lair:4)
  21 orc wizards
  A killer bee zombie (D:9)
  A hound skeleton (D:4)
  8 mummies (Ossuary)
  A howler monkey zombie (D:8)
  4 river rats (Sewer)
  3 adders
  11 gnolls
  6 white imps
  3 ufetubi (Gauntlet)
  2 worms
  4 dart slugs
  67 orcs
  6 bats
  5 endoplasms
  8 giant cockroaches
  8 goblins
  7 hobgoblins
  7 jackals
  3 quokkas
  15 ball pythons
  4 frilled lizards
  A gnoll zombie (Ossuary)
  2 hobgoblin zombies (Ossuary)
  10 kobolds
  4 kobold zombies (Ossuary)
  An orc zombie (Ossuary)
  21 rats
901 creatures vanquished.

Vanquished Creatures (collateral kills)
  An orc (Orc:1)
1 creature vanquished.

Vanquished Creatures (others)
  An alligator (Swamp:2)
  A bloated husk (Swamp:4)
  A spriggan (Swamp:4)
  A swamp worm (Swamp:1)
  A gnoll (Orc:2)
  A briar patch (Swamp:4)
  A bush (Lair:6)
  3 foxfires
  3 fulminant prisms (IceCv)
  33 fungi
  55 plants
101 creatures vanquished.

Grand Total: 1003 creatures vanquished

Notes
Turn   | Place    | Note
-------+----------+-------------------------------------------
     0 | D:1      | Kaptain the Gargoyle Earth Elementalist began the quest for
                  | the Orb.
     0 | D:1      | Reached XP level 1. HP: 10/10 MP: 3/3
   252 | D:1      | Reached XP level 2. HP: 16/16 MP: 3/5
   580 | D:1      | Reached skill level 1 in Fighting
   862 | D:1      | Reached skill level 1 in Conjurations
   862 | D:1      | Reached XP level 3. HP: 20/20 MP: 4/6
   866 | D:1      | Learned a level 3 spell: Stone Arrow
  1283 | D:2      | Reached skill level 4 in Earth Magic
  1373 | D:2      | Reached skill level 1 in Armour
  1849 | D:2      | Found a white marble altar of Elyvilon.
  2099 | D:3      | Reached XP level 4. HP: 25/25 MP: 7/7
  2724 | D:3      | Noticed Natasha
  2757 | D:3      | Killed Natasha
  2758 | D:3      | Reached XP level 5. HP: 6/30 MP: 0/9
  2857 | D:3      | Noticed Natasha
  3165 | D:3      | Killed Natasha
  3472 | D:4      | Reached XP level 6. HP: 36/36 MP: 3/10
  3780 | D:4      | Noticed a sky beast
  3809 | D:4      | Killed a sky beast
  3810 | D:4      | Reached skill level 5 in Earth Magic
  3930 | D:4      | Reached XP level 7. HP: 41/41 MP: 2/12
  4617 | D:5      | Entered Level 5 of the Dungeon
  4655 | D:5      | Identified the +6 morningstar "Qosoun" {flame, Str+8 Int-3
                  | Dex+6}
  5343 | D:5      | Reached XP level 8. HP: 40/48 MP: 2/14
  5653 | D:5      | Reached skill level 6 in Earth Magic
  6214 | D:6      | Found a glowing drain.
  6218 | Sewer    | Entered a sewer
  6781 | D:6      | Noticed a yak
  6786 | D:6      | Noticed a yak
  6787 | D:6      | Killed a yak
  6787 | D:6      | Noticed a yak
  6805 | D:6      | Killed a yak
  6841 | D:6      | Killed a yak
  6842 | D:6      | Reached skill level 5 in Fighting
  6996 | D:6      | Reached skill level 5 in Conjurations
  7067 | D:6      | Reached skill level 5 in Spellcasting
  7067 | D:6      | Reached skill level 7 in Earth Magic
  7067 | D:6      | Reached XP level 9. HP: 25/54 MP: 3/16
  8089 | D:6      | Found a staircase to the Ecumenical Temple.
  8096 | Temple   | Entered the Ecumenical Temple
  9828 | D:8      | Reached skill level 8 in Earth Magic
 10073 | D:8      | Found a sparkling altar of Nemelex Xobeh.
 10100 | D:8      | Found a sand-covered staircase.
 10107 | Ossuary  | Entered an ossuary
 10625 | D:8      | Reached XP level 10. HP: 20/61 MP: 5/18
 11882 | D:9      | Reached skill level 5 in Armour
 12136 | D:9      | Reached skill level 9 in Earth Magic
 12177 | D:9      | Noticed a four-headed hydra
 12184 | D:9      | Killed a four-headed hydra
 12211 | D:9      | HP: 3/63 [orc warrior/+0 scimitar (9)]
 12484 | D:9      | Noticed Erolcha
 12487 | D:9      | Killed Erolcha
 12688 | D:9      | Reached XP level 11. HP: 65/68 MP: 17/21
 13002 | D:9      | Found a staircase to the Orcish Mines.
 13324 | D:9      | Noticed Erica
 13329 | D:9      | Killed Erica
 13712 | D:10     | Entered Level 10 of the Dungeon
 13721 | D:10     | Noticed a two-headed ogre
 13727 | D:10     | Killed a two-headed ogre
 13728 | D:10     | Reached skill level 10 in Earth Magic
 13817 | D:10     | Noticed a two-headed ogre
 13821 | D:10     | Killed a two-headed ogre
 14030 | D:10     | Reached skill level 5 in Dodging
 14221 | D:10     | Found a staircase to the Lair.
 14723 | D:10     | Noticed a two-headed ogre
 14729 | D:10     | Killed a two-headed ogre
 15028 | D:11     | Noticed a boulder beetle
 15762 | D:11     | Noticed a vault guard
 15768 | D:11     | Killed a vault guard
 15769 | D:11     | Reached skill level 11 in Earth Magic
 15769 | D:11     | Reached XP level 12. HP: 74/76 MP: 6/24
 15870 | D:11     | Found a portal to a secret trove of treasure.
 15982 | D:11     | Found a snail-covered altar of Cheibriados.
 16711 | Lair:1   | Entered Level 1 of the Lair of Beasts
 17381 | Lair:1   | You fall into a shaft and drop 1 floor!
 17498 | Lair:2   | Noticed a seven-headed hydra
 17508 | Lair:2   | Killed a seven-headed hydra
 17587 | Lair:2   | Found a frozen archway.
 17596 | IceCv    | Entered an ice cave
 18220 | IceCv    | Reached skill level 10 in Fighting
 18285 | IceCv    | Reached skill level 10 in Conjurations
 18453 | IceCv    | Reached skill level 1 in Shields
 18869 | IceCv    | Learned a level 4 spell: Fulminant Prism
 18924 | IceCv    | Noticed a death yak
 18940 | IceCv    | Killed a death yak
 18941 | IceCv    | Reached skill level 12 in Earth Magic
 19355 | IceCv    | Noticed a death yak
 19355 | IceCv    | Noticed a frost giant
 19355 | IceCv    | Noticed a death yak
 19372 | IceCv    | Killed a death yak
 19373 | IceCv    | Reached XP level 13. HP: 55/83 MP: 16/26
 19834 | IceCv    | Found the +4 skin of Zhor {*Englaciate rC+++ SInv}
 19839 | IceCv    | Identified the +10 spear "Zaufren" {vorpal, rF+ rC+ Will-
                  | Int+4}
 19858 | IceCv    | Killed a frost giant
 21133 | Lair:2   | Found a staircase to the Swamp.
 21231 | Lair:2   | Noticed Nergalle
 21239 | Lair:2   | Killed Nergalle
 22927 | Lair:3   | Reached skill level 13 in Earth Magic
 23224 | Lair:3   | Reached skill level 10 in Spellcasting
 24213 | Lair:3   | Found a hole to the Spider Nest.
 24446 | Lair:3   | Gained mutation: Your large and strong wings let you fly.
                  | [Gargoyle growth]
 24446 | Lair:3   | Reached XP level 14. HP: 91/91 MP: 2/28
 26745 | Lair:4   | Reached skill level 5 in Shields
 26745 | Lair:4   | Reached skill level 14 in Earth Magic
 28148 | Orc:1    | Entered Level 1 of the Orcish Mines
 28177 | Orc:1    | Noticed an orc warlord
 28350 | D:9      | Killed an orc warlord
 29505 | Orc:2    | Entered Level 2 of the Orcish Mines
 29505 | Orc:2    | Found Saireurph's Book Shoppe.
 29505 | Orc:2    | Found Ewatusela's Jewellery Boutique.
 29505 | Orc:2    | Found Rugucogh's General Store.
 30570 | D:12     | Reached XP level 15. HP: 83/97 MP: 12/30
 30829 | D:12     | Found a gate leading to a gauntlet.
 30838 | Gauntlet | Entered a Gauntlet
 30838 | Gauntlet | Found a transporter.
 30838 | Gauntlet | Found a transporter.
 30948 | Gauntlet | Found a transporter.
 30948 | Gauntlet | Found a transporter.
 30964 | Gauntlet | Found a transporter.
 30979 | Gauntlet | Found a transporter.
 30987 | Gauntlet | Found a transporter.
 30993 | Gauntlet | Found a transporter.
 31010 | Gauntlet | Found a transporter.
 31018 | Gauntlet | Found a transporter.
 31037 | Gauntlet | Found a transporter.
 31060 | Gauntlet | Found a transporter.
 31611 | Gauntlet | Identified the +4 rapier of a Million Olives {freeze, rPois
                  | Str+3 Int-4 Stlth+}
 33278 | D:13     | Noticed Urug
 33278 | D:13     | Found a gate to the Vaults.
 34193 | D:12     | Reached skill level 15 in Earth Magic
 34324 | D:12     | Gained mutation: You are occasionally teleported next to
                  | monsters. [potion of mutation]
 34324 | D:12     | Gained mutation: You are agile. (Dex +2) [potion of
                  | mutation]
 34325 | D:12     | Lost mutation: You are agile. (Dex +2) [potion of mutation]
 34325 | D:12     | Lost mutation: You are occasionally teleported next to
                  | monsters. [potion of mutation]
 34325 | D:12     | Gained mutation: You sometimes lose the ability to read
                  | scrolls when taking damage. [potion of mutation]
 34326 | D:12     | Lost mutation: You sometimes lose the ability to read
                  | scrolls when taking damage. [potion of mutation]
 34326 | D:12     | Gained mutation: You expend magic power (3 MP) to
                  | strengthen your wands. [potion of mutation]
 34344 | D:13     | Learned a level 3 spell: Mephitic Cloud
 34357 | D:13     | Killed Urug
 36863 | Orc:1    | Reached skill level 10 in Armour
 37671 | Orc:2    | Found Togaxa's Armour Shop.
 37675 | Orc:2    | Reached XP level 16. HP: 105/105 MP: 20/32
 37938 | Orc:2    | Found a staircase to the Elven Halls.
 38395 | Orc:2    | Bought a book of the Spheres for 918 gold pieces
 38401 | Orc:2    | Learned a level 5 spell: Iskenderun's Battlesphere
 38409 | Orc:2    | Learned a level 7 spell: Orb of Destruction
 38415 | Orc:2    | Learned a level 5 spell: Fireball
 38679 | Lair:6   | Entered Level 6 of the Lair of Beasts
 40500 | Lair:6   | Identified the +3 ring mail of the Dice {rF+ SInv}
 40751 | Lair:6   | Found a staircase to the Slime Pits.
 40872 | Lair:6   | Reached skill level 16 in Earth Magic
 41268 | Swamp:1  | Entered Level 1 of the Swamp
 43914 | Swamp:2  | Noticed a tentacled monstrosity
 43926 | Swamp:2  | Killed a tentacled monstrosity
 43952 | Swamp:2  | Identified the +1 leather armour of the Armoured One
                  | {rPois}
 44416 | Swamp:2  | Identified the +4 shortbow of Fedhas's Envy {speed, rC+
                  | rCorr Str+9 Int-5}
 45178 | Swamp:2  | Reached XP level 17. HP: 96/112 MP: 13/33
 46165 | Swamp:3  | Reached skill level 15 in Fighting
 46497 | Swamp:4  | Entered Level 4 of the Swamp
 46753 | Swamp:3  | Reached skill level 15 in Conjurations
 47894 | Swamp:3  | Reached skill level 17 in Earth Magic
 48512 | Swamp:4  | Got a decaying rune of Zot
 49225 | Spider:1 | Entered Level 1 of the Spider Nest
 51254 | D:15     | Entered Level 15 of the Dungeon
 51877 | D:15     | Paralysed by an orc sorcerer for 5 turns
 52211 | D:15     | Found a staircase to the Depths.
 52724 | Depths:1 | Entered Level 1 of the Depths
 52807 | D:15     | Killed from afar by a fire dragon

Illustrated notes

Levels and vault maps discovered:
D:1:      dpeg_arrival_more_subterranean_lakeside_camping, layout_loops_cross,
          minmay_misc_feat_more_columns, minmay_vboxes
D:2:      minmay_door_path, layout_basic, basic_altar
D:3:      layout_loops_corners, uniq_natasha
D:4:      layout_basic
D:5:      layout_basic, serial_glass, glass_columns_b, glass_columns_a
D:6:      layout_basic, minmay_temple_entry_nine_rooms, gup_sewer_entry_bowl
D:7:      layout_rooms, minmay_fire_ice_demons
D:8:      layout_cave_pods, mainiacjoe_overflow_small_starburst,
          nicolae_ossuary_entry_ruins, minmay_misc_feat_pillars
D:9:      layout_roguey, david_orc_2, minmay_checkerbox, uniq_erolcha,
          uniq_erica
D:10:     layout_roguey, erik_lair_orcish_takeover
D:11:     layout_basic, enter_trove_5, chei_slow_surprise
D:12:     layout_basic, gauntlet_entry_generic
D:13:     layout_loops_ring, david_vaults_3, hangedman_glass_teeth, ice2_lemuel
D:14:     nicolae_BIG_FREAKIN_CUBE, layout_cave_pods
D:15:     grunt_enter_depths_magical_seal, layout_gridville,
          chequers_decorated_corner
Temple:   mainiacjoe_temple_circle_huts
Lair:1:   layout_concentric_octagons, grunt_megastairs_5
Lair:2:   layout_roguey, minmay_swamp_entry_swarm,
          portal_ice_cave_entry_pillars_1, grunt_forest_large_clearing_hut,
          uniq_nergalle
Lair:3:   layout_chaotic_city, spider_nest_entry_rubble, lemuel_fruit_fields
Lair:4:   layout_roguey
Lair:5:   layout_cellular_growth
Lair:6:   grunt_lair_end_beastmaster, layout_regular_city,
          minmay_slime_entry_oklob_enclosed, serial_forest,
          infiniplex_forest_clump_double, infiniplex_forest_clump_double,
          infiniplex_forest_lined_3, infiniplex_forest_straight_4,
          infiniplex_forest_join, infiniplex_forest_clump_medium,
          infiniplex_forest_clump_small, infiniplex_forest_lined_2,
          chequers_serial_rivers_micro_d
Swamp:1:  layout_basic_swamp, evilmike_swamp_ruin_house_5
Swamp:2:  layout_basic_swamp, infiniplex_staircase_pool
Swamp:3:  layout_basic_swamp, evilmike_swamp_ruin_house_3
Swamp:4:  swamp, layout_basic_swamp
Spider:1: layout_spider_delve, nicolae_spider_some_kinda_spiderbox
Orc:1:    layout_diamond_mine
Orc:2:    st_orc_open, layout_caves, minmay_orc_keep
Depths:1: layout_cave_pools, pf_vacation_house_of_asmodeus,
          lightli_giant_bouncers

Skill      XL: |  1  2  3  4  5  6  7  8  9 10 11 12 13 14 15 16 17 |
---------------+----------------------------------------------------+-----
Fighting       | 1 2 3 5 6 7 9 10 11 12 13 14 15 | 15.6
Conjurations   | 1 2 3 5 6 7 9 10 11 12 13 14 15 | 15.6
Earth Magic    | 4 5 7 8 9 11 12 13 14 15 16 17 | 17.4
Armour         | 1 2 3 4 5 6 7 8 9 10 11 | 11.3
Dodging        | 2 3 4 5 6 |  6.3
Spellcasting   | 3 4 5 7 8 9 10 11 12 13 | 13.5
Shields        | 2 4 5 6 8 |  8.0
Stealth        | 4 |  4.5
Transmutations | |  0.7

Action                   |  1- 3 |  4- 6 |  7- 9 | 10-12 | 13-15 | 16-18 || total
-------------------------+-------+-------+-------+-------+-------+-------++-------
Melee: Flail             |    46 |    59 |    15 |       |       |       ||   120
       Short sword       |    26 |       |       |       |       |       ||    26
       Punch             |       |     1 |     1 |       |       |       ||     2
       Morningstar       |       |       |   123 |   179 |   230 |   226 ||   758
 Cast: Sandblast         |    35 |    48 |    78 |   132 |    80 |    10 ||   383
       Stone Arrow       |       |     5 |    74 |   169 |   748 |   780 ||  1776
       Fulminant Prism   |       |       |       |     3 |       |       ||     3
       Mephitic Cloud    |       |       |       |       |     7 |       ||     7
Evoke: Wand              |       |       |       |       |     4 |     1 ||     5
       Phantom mirror    |       |       |       |       |     1 |       ||     1
  Use: Scroll            |     4 |     3 |    10 |     6 |     9 |     5 ||    37
       Potion            |       |     1 |     8 |     3 |    11 |     7 ||    30
 Stab: Sleeping          |     6 |     1 |     5 |     1 |       |       ||    13
       Distracted        |     1 |       |       |       |       |       ||     1
       Invisible         |       |       |       |     2 |       |       ||     2
       Petrified         |       |       |       |       |       |     2 ||     2
Armor: Robe              |    48 |    40 |     1 |       |       |       ||    89
       Leather armour    |       |       |    97 |    33 |       |       ||   130
       Acid dragon scale |       |       |       |   211 |     5 |       ||   216
       Ice dragon scales |       |       |       |       |   502 |   902 ||  1404
Dodge: Dodged            |    58 |    53 |   162 |   331 |   528 |   547 ||  1679
Block: Buckler           |       |       |       |    19 |   291 |   374 ||   684
